AoeStats
← KALTON69

Arabia

508667471Analyzed
1v1 RM · 10d ago on Sep 23, 2026· 81m 56s· 2 players
Game mode
Random Map
Map size
Tiny (2 player)
Population
200
Speed
Normal
Resources
Standard
Victory
Conquest
Starting age
Dark Age
Ending age
Imperial Age
RankedLock teamsTeams togetherTeam positionsShared explorationLock speedFull tech treeHidden civsTurbo modeCheats
Victory
Defeat
🇧🇷 Franks · Brazil
692
+27
🇬🇧 Portuguese · United Kingdom
677
-15
Darknight99
5:34 Loom
9:23 Feudal Age
12:03 Town Watch
19:53 Castle Age
18:09 Horse Collar
19:30 Bloodlines
19:15 Double-Bit Axe
20:17 Forging
22:53 Husbandry
23:37 Scale Barding Armor
23:30 Fletching
26:56 Scale Barding Armor
28:03 Iron Casting
28:36 Bow Saw
32:48 Wheelbarrow
34:44 Chain Barding Armor
33:53 Pikeman
35:08 Light Cavalry
36:56 Ballistics
40:39 Imperial Age
38:08 Treadmill Crane
38:24 Murder Holes
40:14 Hand Cart
40:23 Stone Mining
42:53 Cavalier
44:11 Plate Barding Armor
43:32 Bodkin Arrow
44:38 Blast Furnace
45:27 Chemistry
44:38 Fortified Wall
44:43 Masonry
48:06 Architecture
49:39 Conscription
48:54 Onager
52:31 Town Patrol
52:36 Heavy Plow
53:15 Stone Shaft Mining
52:30 Gold Mining
53:24 Scale Mail Armor
53:25 Bracer
53:26 Padded Archer Armor
55:03 Circumnavigation
56:47 Elite Organ Gun
58:12 Arquebus
59:48 Arquebus
62:52 Siege Engineers
64:49 Crossbowman
65:37 Thumb Ring
64:55 Elite Skirmisher
KALTON69
1:23 Loom
2:34 Loom
10:40 Feudal Age
16:39 Castle Age
25:01 Squires
25:33 Arson
27:32 Scale Mail Armor
27:43 Forging
28:13 Town Watch
29:36 Wheelbarrow
29:25 Double-Bit Axe
29:58 Treadmill Crane
30:50 Ordonnance Companies
32:07 Iron Casting
32:26 Husbandry
33:53 Murder Holes
38:08 Chain Mail Armor
38:36 Stone Mining
38:38 Gold Mining
39:01 Bow Saw
41:33 Ballistics
42:04 Gold Shaft Mining
44:42 Imperial Age
42:29 Hand Cart
43:01 Fortified Wall
43:02 Masonry
44:09 Fletching
44:26 Scale Barding Armor
45:47 Conscription
44:49 Elite Throwing Axeman
47:01 Hoardings
47:54 Town Patrol
48:28 Architecture
50:41 Blast Furnace
50:12 Plate Mail Armor
49:39 Bodkin Arrow
53:31 Siege Engineers
54:27 Chemistry
68:14 Chivalry
71:20 Cavalier
72:43 Paladin
74:38 Chain Barding Armor
Connection lost

Rejoining the realm…

Still unreachable

The connection could not be restored.

Session expired

The server has moved on; the page needs a fresh start.